[Event "Titled Tuesday Blitz May 24 Early 2022"]
[White "Artemenko, Oleg"]
[Black "Alinasab, Mobina"]
[WhiteFideId "14201798"]
[BlackFideId "12528897"]
[WhiteElo "2287"]
[BlackElo "2031"]
[Result "0-1"]
[Round "08"]
[TimeControl "180+1"]
[Date "2022.05.25"]
[WhiteClock "0:01:58"]
[BlackClock "0:00:55"]

1. e4 c5 2. Nf3 e6 3. d4 cxd4 4. Nxd4 Nf6 5. Nc3 Nc6 6. Nxc6 bxc6 7. e5 Nd5 8. Ne4 Qc7 9. f4 Qb6 10. c4 Bb4+ 11. Ke2 f5 12. exf6 Nxf6 13. Nd6+ Bxd6 14. Qxd6 c5 15. Qxb6 axb6 16. g4 Bb7 17. Rg1 d5 18. g5 Ne4 19. Bh3 Kf7 20. cxd5 exd5 21. f5 Rhe8 22. Kf3 d4 23. Kf4 Nf2 24. Bf1 Bd5 25. Bb5 Nh3+ 26. Kg4 Nxg1 27. Bxe8+ Rxe8 28. Bf4 Ne2 29. Bc7 Re4+ 30. Kh3 Re3+ 31. Kh4 d3 32. Rd1 Nd4 33. Bxb6 Nxf5+ 34. Kg4 Bf3+ 35. Kxf5 Bxd1 36. Bxc5 Re2 37. Bb4 d2 38. Kf4 Bc2 39. Bxd2 Rxd2 40. Kf3 Bb1 41. Ke3 Rxb2 42. a3 Rb3+ 43. Kd4 Rxa3 44. Kd5 Rh3 45. g6+ hxg6 46. Ke5 Rxh2 47. Kf4 Rg2 48. Kf3 Rg5 49. Kf4 Kf6 50. Kf3 Ra5 51. Kf2 Kf5 52. Kg2 Ra3 53. Kf2 g5 54. Kg2 g4 55. Kf2 Kf4 56. Kg2 Be4+ 57. Kg1 g3 58. Kf1 Ra2 59. Ke1 g2 0-1


[Site "https://www.chess.com"]

[Event "Titled Tuesday Blitz May 24 Early 2022"]
[White "Avramidou, Anastasia"]
[Black "Ovezdurdyyeva, Jemal"]
[WhiteFideId "4239873"]
[BlackFideId "14001888"]
[WhiteElo "2183"]
[BlackElo "1946"]
[Result "0-1"]
[Round "08"]
[TimeControl "180+1"]
[Date "2022.05.25"]
[WhiteClock "0:00:01"]
[BlackClock "0:00:08"]

1. Nf3 Nf6 2. d4 g6 3. c4 d5 4. Nc3 Bg7 5. h4 h5 6. Bg5 c6 7. e3 O-O 8. Bd3 Na6 9. cxd5 cxd5 10. Ne5 Nb4 11. Bb1 Ng4 12. a3 Nc6 13. Nxg4 Bxg4 14. f3 Be6 15. O-O Qb6 16. Bd3 Na5 17. Qe2 Nb3 18. Rad1 Rac8 19. Kh1 Rfe8 20. Bb1 Na5 21. Ba2 Nc4 22. Bxc4 Rxc4 23. Rd2 Qc6 24. Rfd1 Bf5 25. e4 dxe4 26. Nxe4 Rc1 27. Nc3 Rxd1+ 28. Rxd1 Qc7 29. Nd5 Qd7 30. Nxe7+ Kf8 31. d5 f6 32. d6 fxg5 33. hxg5 Kf7 34. Qc4+ Be6 35. Qf4+ Bf5 36. Rd2 Bf8 37. Nxf5 Qxf5 38. Qc4+ Qe6 39. Qc7+ Kg8 40. Rc2 Qe1+ 41. Kh2 Qe5+ 42. f4 Bxd6 43. Qd7 Qxf4+ 44. Kg1 Re1# 0-1


[Site "https://www.chess.com"]

[Event "Titled Tuesday Blitz May 24 Early 2022"]
[White "Baches Garcia, Guillermo"]
[Black "Kostiukov, Alexandr"]
[WhiteFideId "2209764"]
[BlackFideId "14108100"]
[WhiteElo "2493"]
[BlackElo "2202"]
[Result "0-1"]
[Round "08"]
[TimeControl "180+1"]
[Date "2022.05.25"]
[WhiteClock "0:00:32"]
[BlackClock "0:00:27"]

1. e4 c5 2. Nf3 g6 3. d4 cxd4 4. Qxd4 Nf6 5. c4 Nc6 6. Qe3 Bg7 7. Be2 O-O 8. O-O d6 9. h3 Qb6 10. Qxb6 axb6 11. Nc3 Nd7 12. Be3 Bxc3 13. bxc3 Ra3 14. Rfc1 Nc5 15. Nd2 Be6 16. Bd1 Rfa8 17. Rc2 Ne5 18. Be2 R8a4 19. Nb1 Nb3 20. axb3 Rxa1 21. bxa4 Rxb1+ 22. Kh2 Bxc4 23. Bd4 Bxe2 24. Bxe5 Bd1 0-1


[Site "https://www.chess.com"]

[Event "Titled Tuesday Blitz May 24 Early 2022"]
[White "Barria Zuniga, Daniel"]
[Black "Fernandez Barrera, Victor"]
[WhiteFideId "3400816"]
[BlackFideId "2261529"]
[WhiteElo "2414"]
[BlackElo "2189"]
[Result "1-0"]
[Round "08"]
[TimeControl "180+1"]
[Date "2022.05.25"]
[WhiteClock "0:01:37"]
[BlackClock "0:01:48"]

1. c4 Nf6 2. g3 e6 3. Bg2 d5 4. Nf3 Be7 5. O-O O-O 6. Nc3 d4 7. Na4 c5 8. d3 Nc6 9. e3 Ne8 10. exd4 cxd4 11. a3 a5 12. Bd2 Nc7 13. Nb6 Ra6 14. Nxc8 Qxc8 15. Re1 f6 16. Qc2 a4 17. b4 axb3 18. Qxb3 e5 19. Reb1 Ne6 20. Bh3 Nc5 21. Bxc8 Nxb3 22. Be6+ 1-0


[Site "https://www.chess.com"]

[Event "Titled Tuesday Blitz May 24 Early 2022"]
[White "Begunov, Konstantin"]
[Black "Kim, Sergey"]
[WhiteFideId "4118510"]
[BlackFideId "13700570"]
[WhiteElo "2262"]
[BlackElo "2537"]
[Result "1-0"]
[Round "08"]
[TimeControl "180+1"]
[Date "2022.05.25"]
[WhiteClock "0:00:19"]
[BlackClock "0:00:18"]

1. d4 Nf6 2. c4 g6 3. f3 Bg7 4. e4 d6 5. Nc3 O-O 6. Be3 Nc6 7. Nge2 a6 8. a3 e5 9. d5 Ne7 10. Qd2 c5 11. dxc6 bxc6 12. Rd1 Be6 13. Qxd6 Qxd6 14. Rxd6 Bxc4 15. Nc1 Be6 16. Bc5 Rfe8 17. Be2 Nd7 18. Be3 Bf8 19. Kf2 a5 20. Rhd1 Nf6 21. Bg5 Bg7 22. Na4 Rab8 23. Nc5 Rxb2 24. Nxe6 fxe6 25. Nd3 Ra2 26. Nxe5 Nxe4+ 27. fxe4 Bxe5 28. Rxe6 Rf8+ 29. Ke3 Rxa3+ 30. Rd3 Rxd3+ 31. Bxd3 Bxh2 32. Rxe7 Bg1+ 33. Ke2 Rf2+ 34. Ke1 Rxg2 35. Bh6 Bf2+ 36. Kf1 Bc5 37. Bc4+ 1-0


[Site "https://www.chess.com"]

[Event "Titled Tuesday Blitz May 24 Early 2022"]
[White "Borawski, Jakub"]
[Black "Juhasz, Agoston"]
[WhiteFideId "1143000"]
[BlackFideId "778346"]
[WhiteElo "2020"]
[BlackElo "2211"]
[Result "1-0"]
[Round "08"]
[TimeControl "180+1"]
[Date "2022.05.25"]
[WhiteClock "0:00:22"]
[BlackClock "0:00:04"]

1. e4 c5 2. Nf3 e6 3. d4 cxd4 4. Nxd4 a6 5. Bd3 Qc7 6. O-O Nf6 7. c4 b6 8. Nc3 Bb7 9. Be3 d6 10. Rc1 Nbd7 11. f3 Be7 12. b3 O-O 13. Qd2 Rac8 14. Rfd1 Qb8 15. Bb1 Bd8 16. Kh1 Bc7 17. g4 Ne5 18. g5 Nfd7 19. Qe2 Rfd8 20. h4 Nf8 21. h5 Qa8 22. f4 Ned7 23. Kg1 Nc5 24. Bf2 Bb8 25. b4 Ncd7 26. h6 d5 27. hxg7 Ng6 28. exd5 Nxf4 29. Qc2 Ng6 30. dxe6 Nde5 31. exf7+ Kxg7 32. Qf5 Rd6 33. Ne4 Rf8 34. Nxd6 Bxd6 35. Ne6+ Kh8 36. Qf6# 1-0


[Site "https://www.chess.com"]

[Event "Titled Tuesday Blitz May 24 Early 2022"]
[White "Bryakin, Mikhail"]
[Black "Yaksin, Oleg"]
[WhiteFideId "4165314"]
[BlackFideId "24105880"]
[WhiteElo "2417"]
[BlackElo "2256"]
[Result "0-1"]
[Round "08"]
[TimeControl "180+1"]
[Date "2022.05.24"]
[WhiteClock "0:00:50"]
[BlackClock "0:00:24"]

1. e4 c5 2. b3 Nc6 3. Bb2 e5 4. Bc4 g6 5. Nc3 Bg7 6. Nf3 Nge7 7. Qe2 d6 8. O-O-O a6 9. Nd5 b5 10. Nxe7 Nxe7 11. Bd3 h6 12. h3 Be6 13. c4 a5 14. cxb5 a4 15. Bc4 axb3 16. axb3 O-O 17. Kc2 d5 18. exd5 Nxd5 19. Bxd5 Qxd5 20. Qc4 Qd7 21. Qe2 Ra2 22. Ra1 Rxb2+ 23. Kxb2 e4+ 24. Kc2 exf3 25. Qxf3 Qxb5 26. Ra3 Bf5+ 27. Kd1 c4 28. g4 Bd3 29. Ra7 cxb3 30. Rb7 Qc4 31. Re7 b2 0-1


[Site "https://www.chess.com"]

[Event "Titled Tuesday Blitz May 24 Early 2022"]
[White "Buscar, Michael"]
[Black "Turutin, Alexander"]
[WhiteFideId "2603616"]
[BlackFideId "4180623"]
[WhiteElo "2010"]
[BlackElo "2402"]
[Result "0-1"]
[Round "08"]
[TimeControl "180+1"]
[Date "2022.05.25"]
[WhiteClock "0:00:07"]
[BlackClock "0:00:21"]

1. b3 Nc6 2. Bb2 e5 3. g3 Nf6 4. Bg2 d5 5. e3 Bg4 6. Ne2 Qd7 7. h3 Bf5 8. d3 h5 9. Nd2 O-O-O 10. a3 Be7 11. Qb1 Nh7 12. Nf3 f6 13. Qa2 g5 14. O-O-O Bg6 15. b4 Nf8 16. Nd2 Ne6 17. Nb3 Rhf8 18. Kb1 f5 19. Nc3 d4 20. Nd5 Bd6 21. Rhe1 a6 22. c4 dxc3 23. Bxc3 f4 24. Qb2 Qh7 25. e4 g4 26. hxg4 hxg4 27. Rh1 Qg7 28. gxf4 Nxf4 29. Nxf4 Rxf4 30. Rdg1 Rdf8 31. Be1 Bf7 32. Nc5 Bxc5 33. bxc5 Qf6 34. Bf1 Nd4 35. Rg3 Qc6 36. Qb4 Qe6 37. Qb2 Bg8 38. Rhg1 Nf3 39. Bc3 Nxg1 40. Rxg1 Rxf2 41. Qc1 Qa2# 0-1


[Site "https://www.chess.com"]

[Event "Titled Tuesday Blitz May 24 Early 2022"]
[White "Chen, Qi b"]
[Black "Ianov, Viktor"]
[WhiteFideId "8614733"]
[BlackFideId "14102730"]
[WhiteElo "2432"]
[BlackElo "2152"]
[Result "0-1"]
[Round "08"]
[TimeControl "180+1"]
[Date "2022.05.25"]
[WhiteClock "0:00:06"]
[BlackClock "0:00:47"]

1. d4 d6 2. e4 Nf6 3. Nc3 c6 4. Be3 Nbd7 5. f3 e5 6. Nge2 Be7 7. Qd2 O-O 8. g4 b5 9. a3 a5 10. Bg2 Bb7 11. O-O b4 12. axb4 axb4 13. Na4 c5 14. dxc5 dxc5 15. b3 Qc7 16. Ng3 Rfd8 17. Qf2 g6 18. Rfd1 Rdc8 19. g5 Ne8 20. Bh3 Rd8 21. Rab1 Ng7 22. Bxd7 Rxd7 23. Rxd7 Qxd7 24. Nb6 Qc6 25. Nxa8 Bxa8 26. Qf1 Ne6 27. h4 Bb7 28. Rd1 Ba6 29. Qf2 c4 30. Kg2 cxb3 31. cxb3 Qc3 32. Rd7 Kf8 33. Ra7 Bd3 34. h5 Bxg5 35. Bxg5 Nxg5 36. h6 Qc8 37. Qa2 Qh3+ 38. Kf2 Qxh6 0-1


[Site "https://www.chess.com"]

[Event "Titled Tuesday Blitz May 24 Early 2022"]
[White "Cherniaiev, Tykhon"]
[Black "Jakubowski, Krzysztof"]
[WhiteFideId "14182360"]
[BlackFideId "1112848"]
[WhiteElo "2289"]
[BlackElo "2365"]
[Result "1-0"]
[Round "08"]
[TimeControl "180+1"]
[Date "2022.05.25"]
[WhiteClock "0:00:36"]
[BlackClock "0:00:02"]

1. Nf3 Nf6 2. d4 d5 3. c4 e6 4. g3 Bb4+ 5. Bd2 Be7 6. Qc2 O-O 7. Bg2 Nbd7 8. O-O c6 9. b3 b6 10. Nc3 Bb7 11. e4 Rc8 12. Rfe1 c5 13. exd5 exd5 14. cxd5 Nxd5 15. Nxd5 Bxd5 16. Rxe7 Qxe7 17. Ng5 Nf6 18. Bxd5 cxd4 19. Qd3 h6 20. Bxf7+ Rxf7 21. Nxf7 Kxf7 22. Qxd4 Rd8 23. Qc4+ Qe6 24. Qxe6+ Kxe6 25. Bc3 Kf5 26. Rc1 Rd7 27. f3 Nd5 28. Rd1 Ke6 29. Bb2 Rc7 30. f4 g6 31. Re1+ Kf7 32. Re2 Nb4 33. Be5 Rc1+ 34. Kg2 a5 35. Rd2 Rc2 36. Rxc2 Nxc2 37. Bc7 Nb4 38. Bxb6 Nxa2 39. Bxa5 Ke6 40. Bd2 Kd5 41. Kf3 Kd4 42. Ke2 h5 43. h3 Ke4 44. b4 1-0


[Site "https://www.chess.com"]

[Event "Titled Tuesday Blitz May 24 Early 2022"]
[White "Ciuffoletti, Paolo"]
[Black "Chuemsakul, Sarocha"]
[WhiteFideId "807630"]
[BlackFideId "6203710"]
[WhiteElo "2143"]
[BlackElo "1703"]
[Result "0-1"]
[Round "08"]
[TimeControl "180+1"]
[Date "2022.05.25"]
[WhiteClock "0:00:29"]
[BlackClock "0:00:49"]

1. e4 g6 2. d4 Bg7 3. Nc3 a6 4. f4 b5 5. Nf3 Bb7 6. Bd3 d6 7. a3 Nd7 8. O-O Ngf6 9. e5 Nd5 10. Ne4 O-O 11. e6 fxe6 12. Neg5 Rf6 13. Qe2 Nf8 14. Ne4 Rxf4 15. Bxf4 Nxf4 16. Qd2 Nxd3 17. Qxd3 Bd5 18. b3 c5 19. Rae1 c4 20. Qe3 Qb6 21. b4 a5 22. c3 axb4 23. axb4 Qc6 24. Neg5 Ra3 25. Ra1 Qa6 26. Rxa3 Qxa3 27. Nd2 Bh6 28. Nb1 Qb2 29. Qf4 Qxg2# 0-1


[Site "https://www.chess.com"]

[Event "Titled Tuesday Blitz May 24 Early 2022"]
[White "Clawitter, Craig"]
[Black "Tuleyeva-Aketayeva, Dana"]
[WhiteFideId "2023105"]
[BlackFideId "13701932"]
[WhiteElo "2206"]
[BlackElo "1875"]
[Result "1-0"]
[Round "08"]
[TimeControl "180+1"]
[Date "2022.05.25"]
[WhiteClock "0:00:20"]
[BlackClock "0:00:08"]

1. e4 c5 2. Nf3 Nc6 3. d4 cxd4 4. Nxd4 g6 5. Nc3 Bg7 6. Be3 Nf6 7. Bc4 O-O 8. Bb3 d6 9. f3 Na5 10. Qd2 Nxb3 11. axb3 Bd7 12. Bh6 Bc6 13. h4 d5 14. e5 Nh5 15. Bxg7 Nxg7 16. h5 Qd7 17. O-O-O f6 18. hxg6 hxg6 19. Qh6 fxe5 20. Nxc6 bxc6 21. Qxg6 Rf6 22. Qh7+ Kf7 23. Rhe1 Qf5 24. Qh2 Qf4+ 25. Qxf4 exf4 26. Na4 Re6 27. Nc5 Rxe1 28. Rxe1 Nf5 29. Re5 Ne3 30. Nd3 Nxg2 31. Nxf4 Nxf4 32. Rf5+ Ke6 33. Rxf4 Ke5 34. Rf7 Ke6 35. Rh7 Rf8 36. Rh6+ Kd7 37. Rh3 Rf4 38. Kd2 a6 39. Ke3 e5 40. Rh7+ Kd6 41. Rh6+ Kc5 42. b4+ Rxb4 43. b3 Rf4 44. Re6 d4+ 45. Ke2 Kd5 46. Rh6 Rf7 47. Rh8 Ra7 48. Rd8+ Kc5 49. Re8 Kd6 50. Rd8+ Ke7 51. Rc8 Kd7 52. Rh8 a5 53. Rh7+ Kd6 54. Rxa7 1-0


[Site "https://www.chess.com"]

[Event "Titled Tuesday Blitz May 24 Early 2022"]
[White "Csonka, Balazs"]
[Black "Reprintsev, Alexander"]
[WhiteFideId "742910"]
[BlackFideId "14100541"]
[WhiteElo "2404"]
[BlackElo "2108"]
[Result "1-0"]
[Round "08"]
[TimeControl "180+1"]
[Date "2022.05.25"]
[WhiteClock "0:00:03"]
[BlackClock "0:00:04"]

1. e4 d5 2. exd5 Qxd5 3. Nc3 Qa5 4. d4 Nf6 5. Bc4 Bg4 6. Ne2 Nc6 7. f3 Be6 8. Bxe6 fxe6 9. O-O O-O-O 10. Qe1 h6 11. Be3 g5 12. Nc1 Bg7 13. Nb3 Qf5 14. Qe2 Nd5 15. Rad1 a6 16. Bf2 Nf4 17. Qe4 Qxe4 18. fxe4 Rhf8 19. Be3 e5 20. d5 Nb4 21. Rd2 a5 22. a3 Na6 23. Nxa5 e6 24. g3 Nh3+ 25. Kg2 Rxf1 26. Kxf1 exd5 27. Nxd5 Rf8+ 28. Kg2 g4 29. Ne7+ Kb8 30. Nf5 Bf6 31. Bxh6 Rh8 32. Nc4 Nc5 33. Re2 Bg5 34. Bg7 Rh7 35. Nxe5 Bc1 36. Nxg4 Ng5 37. e5 Nce6 38. Bf6 Bxb2 39. Bxg5 Nxg5 40. e6 Rh8 41. e7 Re8 42. h4 Nf7 43. h5 Kc8 44. h6 Kd7 45. c4 c5 46. Rxb2 Kc6 47. Nf6 Rh8 48. e8=Q+ 1-0


[Site "https://www.chess.com"]

[Event "Titled Tuesday Blitz May 24 Early 2022"]
[White "D`Arruda, Ricardo D."]
[Black "Sarkar, Justin"]
[WhiteFideId "100692"]
[BlackFideId "2010011"]
[WhiteElo "2496"]
[BlackElo "2020"]
[Result "1-0"]
[Round "08"]
[TimeControl "180+1"]
[Date "2022.05.25"]
[WhiteClock "0:01:57"]
[BlackClock "0:00:01"]

1. d4 Nf6 2. Nf3 d5 3. c4 e6 4. Nc3 dxc4 5. e4 Bb4 6. e5 Nd5 7. Bd2 Bxc3 8. bxc3 b5 9. Ng5 Qe7 10. a4 c6 11. Qh5 h6 12. Ne4 Nd7 13. axb5 cxb5 14. Nd6+ Kf8 15. Nxb5 N7b6 16. Be2 Bd7 17. Nd6 a5 18. O-O a4 19. f4 f5 20. g4 a3 21. gxf5 exf5 22. Nxf5 Qf7 23. Qxf7+ Kxf7 24. Nd6+ Kg8 25. Nxc4 1-0


[Site "https://www.chess.com"]

[Event "Titled Tuesday Blitz May 24 Early 2022"]
[White "De Arruda, Leandro Formes"]
[Black "Namitbir Singh Walia"]
[WhiteFideId "22722009"]
[BlackFideId "35071068"]
[WhiteElo "1852"]
[BlackElo "1565"]
[Result "0-1"]
[Round "08"]
[TimeControl "180+1"]
[Date "2022.05.25"]
[WhiteClock "0:00:02"]
[BlackClock "0:01:25"]

1. d4 Nf6 2. e3 d5 3. Nf3 Bf5 4. Bd3 e6 5. Ne5 Nbd7 6. O-O c5 7. c3 c4 8. Bxf5 exf5 9. Nxd7 Qxd7 10. b3 Qc7 11. Qe2 cxb3 12. axb3 Bd6 13. h3 O-O 14. Qd3 Ne4 15. Bb2 Rac8 16. Rxa7 Qb6 17. Ra3 Bxa3 18. Bxa3 Rfe8 19. f3 Ng3 20. Re1 Qxb3 21. Bb4 Qc4 22. Qd1 Ra8 23. Na3 Qa2 24. Nc2 Rec8 25. e4 fxe4 26. fxe4 Nxe4 27. Ne3 Nxc3 28. Bxc3 Rxc3 29. Qf3 Qd2 30. Re2 Qc1+ 31. Kh2 h6 32. Rf2 Qxe3 33. Qxf7+ Kh8 0-1


[Site "https://www.chess.com"]

[Event "Titled Tuesday Blitz May 24 Early 2022"]
[White "Demchenko, Anton"]
[Black "Vajda, Levente"]
[WhiteFideId "4160258"]
[BlackFideId "1203975"]
[WhiteElo "2539"]
[BlackElo "2573"]
[Result "1-0"]
[Round "08"]
[TimeControl "180+1"]
[Date "2022.05.24"]
[WhiteClock "0:00:04"]
[BlackClock "0:00:06"]

1. e4 e5 2. Nf3 Nc6 3. Bc4 Bc5 4. d3 Nf6 5. Bg5 Be7 6. a4 O-O 7. Nc3 d6 8. Bxf6 Bxf6 9. Nd5 Be6 10. a5 a6 11. c3 Bg5 12. Nxc7 Bxc4 13. Nxa8 Be6 14. Nc7 Bg4 15. Nd5 Bh6 16. h3 Be6 17. b4 f5 18. O-O Ne7 19. c4 Ng6 20. Rb1 Bxd5 21. cxd5 Nf4 22. Kh2 Qd7 23. Ng1 g5 24. g3 Ng6 25. b5 axb5 26. Qb3 fxe4 27. dxe4 Rf7 28. Qxb5 Qe7 29. Qe2 Bf8 30. Qh5 Qd8 31. Rb6 Qa8 32. Rb5 Qc8 33. Qe2 Be7 34. Kg2 Bd8 35. Rfb1 Rc7 36. R1b2 Nf8 37. Qg4 Qa8 38. Nf3 Rf7 39. h4 h6 40. hxg5 hxg5 41. Rb1 Bxa5 42. Ra1 b6 43. Nxg5 Rg7 44. Rh1 Qd8 45. Rh5 Nh7 46. Rxh7 Qxg5 47. Rxg7+ Qxg7 48. Qxg7+ Kxg7 49. f4 1-0


[Site "https://www.chess.com"]

[Event "Titled Tuesday Blitz May 24 Early 2022"]
[White "Dmitrenko, Viktor"]
[Black "Durarbayli, Vasif"]
[WhiteFideId "14110270"]
[BlackFideId "13402935"]
[WhiteElo "2218"]
[BlackElo "2528"]
[Result "1-0"]
[Round "08"]
[TimeControl "180+1"]
[Date "2022.05.24"]
[WhiteClock "0:00:15"]
[BlackClock "0:00:01"]

1. d4 Nf6 2. c4 e6 3. Nc3 Bb4 4. e3 O-O 5. Bd2 d5 6. cxd5 exd5 7. Bd3 c6 8. Nf3 Bd6 9. O-O Re8 10. a3 a5 11. Re1 Bg4 12. h3 Bh5 13. Qb3 Nbd7 14. Nh4 Qb6 15. Qc2 Rac8 16. b4 axb4 17. Na4 Qd8 18. Nf5 Bb8 19. axb4 Ne4 20. Nc5 Ndxc5 21. dxc5 Qg5 22. Nd4 Nxf2 23. Kxf2 Qg3+ 24. Kf1 Re6 25. Nf5 Qh2 26. Bc3 Rce8 27. Qf2 Rg6 28. Qg1 Qc7 29. Nd6 Rxd6 30. cxd6 Qxd6 31. Qf2 Re6 32. Bf5 Re8 33. Ra8 Qh2 34. Qg1 Qg3 35. Bd7 Rd8 36. Qf2 Qh2 37. Bg4 Bg6 38. Qf4 Qxf4+ 39. exf4 Bd3+ 40. Kf2 h5 41. Be5 hxg4 42. Rxb8 1-0


[Site "https://www.chess.com"]

[Event "Titled Tuesday Blitz May 24 Early 2022"]
[White "Dubov, Daniil"]
[Black "Xu, Yi"]
[WhiteFideId "24126055"]
[BlackFideId "8605564"]
[WhiteElo "2791"]
[BlackElo "2471"]
[Result "1/2-1/2"]
[Round "08"]
[TimeControl "180+1"]
[Date "2022.05.24"]
[WhiteClock "0:00:08"]
[BlackClock "0:00:14"]

1. e4 c5 2. Nc3 d6 3. Nge2 Nf6 4. g3 g6 5. Bg2 Nc6 6. O-O Bg7 7. Nd5 O-O 8. c3 e5 9. Nxf6+ Qxf6 10. d3 Qe7 11. Be3 f5 12. f4 Be6 13. Qd2 Rad8 14. Rae1 fxe4 15. dxe4 Qd7 16. Rd1 Bxa2 17. Bxc5 Bb3 18. Bxd6 Bxd1 19. Rxd1 Kh8 20. c4 Rfe8 21. c5 b6 22. b4 bxc5 23. bxc5 a5 24. Nc3 Qb7 25. Rb1 Nb4 26. Nd5 exf4 27. gxf4 Qa7 28. e5 Rxd6 29. exd6 Qxc5+ 30. Kh1 Qxd6 31. Rd1 Rd8 32. Qe2 Nxd5 33. Rxd5 Qc7 34. Rxd8+ Qxd8 35. Qc2 Bf6 36. Be4 Kg7 37. Kg2 Qe7 38. Kf3 Qd6 39. Qd3 Qc7 40. Qb5 Qc3+ 41. Qd3 Qc7 42. Qb5 Qa7 43. Qb7+ Qxb7 44. Bxb7 g5 45. fxg5 Bxg5 46. Bc6 Bf6 47. h4 Bxh4 48. Kg2 Bf6 49. Kh1 a4 50. Bxa4 h5 51. Bc2 Bd4 52. Bd1 Bg1 53. Bxh5 1/2-1/2


[Site "https://www.chess.com"]

[Event "Titled Tuesday Blitz May 24 Early 2022"]
[White "Estrada Nieto, Julian"]
[Black "Tasev, Dejan"]
[WhiteFideId "5101018"]
[BlackFideId "936618"]
[WhiteElo "2252"]
[BlackElo "2253"]
[Result "1-0"]
[Round "08"]
[TimeControl "180+1"]
[Date "2022.05.25"]
[WhiteClock "0:00:19"]
[BlackClock "0:00:35"]

1. e4 e5 2. Nf3 Nc6 3. Bb5 a6 4. Ba4 Nf6 5. O-O b5 6. Bb3 Be7 7. Re1 O-O 8. a4 Bb7 9. Nc3 b4 10. Nd5 d6 11. d3 a5 12. h3 Nxd5 13. Bxd5 Qd7 14. Be3 Nd8 15. Bxb7 Nxb7 16. d4 exd4 17. Bxd4 Rfe8 18. Qd2 Rad8 19. b3 Bf8 20. Rad1 Qc6 21. Bb2 Rxe4 22. Nd4 Rxe1+ 23. Rxe1 Qd7 24. Qg5 Nc5 25. Nf5 Ne6 26. Rxe6 fxe6 27. Nh6+ Kh8 28. Qxd8 Qxd8 29. Nf7+ Kg8 30. Nxd8 e5 31. Ne6 c6 32. Nxf8 Kxf8 33. c4 c5 34. Kf1 Kf7 35. Ke2 Ke6 36. Kd3 d5 37. cxd5+ Kxd5 38. f3 g6 39. g4 c4+ 40. bxc4+ Kc5 41. Bxe5 b3 42. Kc3 b2 43. Kxb2 Kxc4 44. Bc3 Kd3 45. Bxa5 Ke2 46. f4 Kf3 47. f5 gxf5 48. gxf5 1-0


[Site "https://www.chess.com"]

[Event "Titled Tuesday Blitz May 24 Early 2022"]
[White "Ezat, Mohamed"]
[Black "Vasquez Schroeder, Rodrigo"]
[WhiteFideId "10600906"]
[BlackFideId "3400042"]
[WhiteElo "2386"]
[BlackElo "2567"]
[Result "0-1"]
[Round "08"]
[TimeControl "180+1"]
[Date "2022.05.24"]
[WhiteClock "0:00:14"]
[BlackClock "0:01:03"]

1. d4 Nf6 2. c4 g6 3. Nc3 Bg7 4. e4 d6 5. Be2 O-O 6. Bg5 Na6 7. Qd2 e5 8. d5 Nc5 9. f3 a5 10. g4 h6 11. Be3 h5 12. h3 Bd7 13. Bg5 Qe8 14. O-O-O Nh7 15. Be3 h4 16. Kb1 b6 17. Rc1 Qe7 18. Bd3 Bf6 19. Nge2 Bg5 20. f4 exf4 21. Nxf4 Rae8 22. Bc2 Bf6 23. Rce1 a4 24. Rhf1 a3 25. b4 Na6 26. Nd3 Bg7 27. e5 dxe5 28. Ne4 f5 29. gxf5 Bxf5 30. Ng5 e4 31. Bf4 Qf6 0-1


[Site "https://www.chess.com"]

[Event "Titled Tuesday Blitz May 24 Early 2022"]
[White "Fernandez Hernandez, Gerardo"]
[Black "Dahlgren, James Allen"]
[WhiteFideId "2207400"]
[BlackFideId "22256873"]
[WhiteElo "2222"]
[BlackElo "2062"]
[Result "0-1"]
[Round "08"]
[TimeControl "180+1"]
[Date "2022.05.25"]
[WhiteClock "0:00:01"]
[BlackClock "0:01:21"]

1. e4 e6 2. d4 c5 3. c3 d5 4. e5 Bd7 5. Nf3 Qb6 6. a4 Nh6 7. Bd3 Nc6 8. O-O cxd4 9. Bf4 Qxb2 10. Na3 Bxa3 11. cxd4 Be7 12. Rb1 Qc3 13. Rb3 Qa5 14. Rxb7 Nf5 15. Bb5 a6 16. Bd2 Bb4 17. Bxb4 Qd8 18. Bxc6 Bxc6 19. Re7+ Nxe7 20. Ba3 Nf5 21. Qb3 Ne7 22. Qc3 Rc8 0-1


[Site "https://www.chess.com"]

[Event "Titled Tuesday Blitz May 24 Early 2022"]
[White "Galiana Fernandez, Adrian"]
[Black "Nilsen, Tobias Lang"]
[WhiteFideId "32010150"]
[BlackFideId "1521624"]
[WhiteElo "2133"]
[BlackElo "2014"]
[Result "0-1"]
[Round "08"]
[TimeControl "180+1"]
[Date "2022.05.25"]
[WhiteClock "0:00:01"]
[BlackClock "0:01:42"]

1. Nf3 d5 2. g3 Nc6 3. d4 Bg4 4. Bg2 Qd7 5. c4 Nf6 6. cxd5 Nxd5 7. h3 Bf5 8. Ne5 Nxe5 9. dxe5 Nb4 10. Qxd7+ Kxd7 11. Na3 c6 12. Bd2 e6 13. O-O Be7 14. Rfd1 Kc7 15. e4 Bg6 16. Nc4 Na6 17. Nd6 f6 18. Bf4 Rhd8 19. Nc4 f5 20. exf5 Bxf5 21. Nd6 Bg6 22. h4 h5 23. Bh3 Nc5 24. Bg5 Bxg5 25. hxg5 Nd3 26. f4 h4 27. Kh2 Nf2 28. gxh4 Nxd1 29. Rxd1 Bf5 30. Bxf5 exf5 31. Kg3 g6 32. h5 gxh5 33. Rh1 Rxd6 34. exd6+ Kxd6 35. Rxh5 Re8 36. Rh6+ Kd5 37. Rh7 b5 38. g6 Re1 39. Kh4 Rg1 40. Kh5 a5 41. Rf7 Ke6 42. Rf8 c5 43. Rb8 b4 44. Rb6+ Kd5 45. Rb7 c4 46. Rf7 Ke6 47. Rb7 c3 48. bxc3 bxc3 49. Rc7 Rh1+ 50. Kg5 Rg1+ 51. Kh6 Kf6 52. Rc6+ Ke7 53. Rxc3 Rg4 54. Re3+ Kf8 55. Re6 Rxf4 56. Ra6 Rh4+ 0-1


[Site "https://www.chess.com"]

[Event "Titled Tuesday Blitz May 24 Early 2022"]
[White "Garriga Cazorla, Pere"]
[Black "Al-Tarboush, Ward"]
[WhiteFideId "32011601"]
[BlackFideId "7601450"]
[WhiteElo "2433"]
[BlackElo "2294"]
[Result "1-0"]
[Round "08"]
[TimeControl "180+1"]
[Date "2022.05.24"]
[WhiteClock "0:00:27"]
[BlackClock "0:00:04"]

1. d4 d5 2. c4 c6 3. Nf3 Nf6 4. Nc3 dxc4 5. a4 Bf5 6. e3 e6 7. Bxc4 Bb4 8. O-O Nbd7 9. Nh4 O-O 10. h3 Nb6 11. Bb3 Nbd5 12. Nxf5 exf5 13. Bd2 Bd6 14. Qf3 g6 15. g4 Nxc3 16. Bxc3 Ne4 17. gxf5 Qg5+ 18. Kh1 Qh4 19. Qg4 Nxf2+ 20. Rxf2 Qxf2 21. Qg2 Qxf5 22. e4 Qh5 23. Rf1 Rae8 24. Rf6 Be7 25. Rf4 Bg5 26. Rg4 Bf6 27. e5 Bg7 28. Rf4 Bh6 29. Rf3 Qg5 30. Qf2 Qe7 31. a5 Bg5 32. Qe1 Kh8 33. Bb4 Qd7 34. Bxf8 Rxf8 35. Qf2 f5 36. exf6 Qd6 37. f7 b6 38. a6 c5 39. dxc5 bxc5 40. Qg3 Qxg3 41. Rxg3 Bf6 42. Rd3 Bxb2 43. Rd7 Bd4 44. Bc4 Ra8 45. Rxa7 Rf8 46. Rb7 Be5 47. a7 Kg7 48. Kg2 Ra8 49. Kf3 Bc3 50. Ke4 Ba5 51. Bd5 Bb6 52. Rb8 1-0


[Site "https://www.chess.com"]

[Event "Titled Tuesday Blitz May 24 Early 2022"]
[White "Golubev, Mikhail"]
[Black "Pourkashiyan, Atousa"]
[WhiteFideId "14100983"]
[BlackFideId "12502014"]
[WhiteElo "2374"]
[BlackElo "2247"]
[Result "1-0"]
[Round "08"]
[TimeControl "180+1"]
[Date "2022.05.25"]
[WhiteClock "0:00:16"]
[BlackClock "0:00:05"]

1. e4 e5 2. Nf3 Nf6 3. Nc3 Bb4 4. Nxe5 O-O 5. Nd3 Bxc3 6. dxc3 Nxe4 7. Be2 d5 8. O-O c6 9. Nf4 Nd7 10. c4 Ndf6 11. cxd5 Nxd5 12. Nxd5 Qxd5 13. Qxd5 cxd5 14. f3 Nc5 15. Be3 Re8 16. Kf2 Na4 17. Bb5 Rxe3 18. Kxe3 Nxb2 19. Rab1 Nc4+ 20. Bxc4 dxc4 21. Rfd1 Bf5 22. Rxb7 Bxc2 23. Rdd7 Bg6 24. Rxa7 Rb8 25. Rdc7 Re8+ 26. Kf2 h5 27. Rxc4 Rd8 28. Kg3 Kh7 29. a4 Rd2 30. a5 Ra2 31. Rd4 Bf5 32. h4 Bc8 33. Rd8 Be6 34. Rd4 Bc8 35. Rf4 f6 36. Rxf6 Rxa5 37. Rxa5 gxf6 38. Rxh5+ Kg6 39. Rc5 Be6 40. Kf4 Bf7 41. g4 Be6 42. Rc6 Bd7 43. Rd6 Bc8 44. g5 1-0


[Site "https://www.chess.com"]